AoeStats
← waLLefps.

Arena

507144863Analyzed
4v4 RM · 15d ago on Sep 16, 2026· 41m 0s· 8 players
Game mode
Random Map
Map size
Large (8 player)
Population
200
Speed
Normal
Resources
Standard
Victory
Conquest
Starting age
Dark Age
Ending age
Imperial Age
RankedLock teamsTeams togetherTeam positionsShared explorationLock speedFull tech treeHidden civsTurbo modeCheats
Victory
Defeat
🇹🇷 Inca · Türkiye
1485
+13
🇹🇷 Hindustanis · Türkiye
1485
+13
🇹🇷 Dravidians · Türkiye
1478
+13
🇨🇴 Cumans · Colombia
1395
+17
🇷🇺 Persians · Russia
1462
-16
🇺🇸 Italians · United States
1416
-14
🇬🇧 Britons · United Kingdom
1408
-14
🇨🇭 Shu · Switzerland
1372
-12
Lishen
10:03 Feudal Age
11:48 Loom
14:29 Castle Age
29:03 Horse Collar
29:29 Double-Bit Axe
30:28 Bow Saw
31:16 Heavy Plow
33:03 Wheelbarrow
35:31 Imperial Age
33:23 Fletching
33:34 Scale Mail Armor
33:38 Town Watch
33:58 Padded Archer Armor
34:05 Pikeman
34:49 Squires
35:53 Chain Mail Armor
35:49 Forging
37:17 Conscription
36:55 Bodkin Arrow
37:22 Ballistics
37:15 Gold Mining
37:16 Stone Mining
37:28 Halberdier
40:20 Iron Casting
Pancho
10:23 Feudal Age
12:38 Wheelbarrow
17:01 Castle Age
15:09 Horse Collar
15:19 Double-Bit Axe
15:25 Horse Collar
18:05 Bow Saw
18:09 Heavy Plow
19:07 Loom
19:37 Hand Cart
19:08 Town Watch
25:22 Loom
26:13 Scale Mail Armor
26:23 Forging
28:52 Imperial Age
26:14 Pikeman
26:54 Squires
27:11 Chain Mail Armor
27:52 Stone Mining
30:03 Plate Mail Armor
32:13 Arson
32:47 Fletching
32:57 Padded Archer Armor
33:46 Bodkin Arrow
33:24 Halberdier
34:44 Leather Archer Armor
35:05 Elite Skirmisher
35:52 Thumb Ring
36:57 Ring Archer Armor
36:27 Bracer
36:50 Conscription
SiraZaika
10:39 Feudal Age
11:25 Town Watch
14:22 Castle Age
12:17 Double-Bit Axe
12:55 Horse Collar
16:08 Loom
18:50 Wheelbarrow
21:26 Bow Saw
22:34 Gold Mining
24:58 Bloodlines
25:53 Fletching
28:39 Imperial Age
27:17 Scale Barding Armor
27:15 Husbandry
27:19 Bodkin Arrow
27:53 Scale Barding Armor
30:15 Chain Barding Armor
30:06 Forging
31:27 Hand Cart
31:53 Cavalier
33:47 Plate Barding Armor
33:48 Iron Casting
36:54 Blast Furnace
37:21 Heavy Camel Rider
johnnyboy
9:27 Feudal Age
15:01 Castle Age
13:37 Double-Bit Axe
16:21 Horse Collar
25:55 Wheelbarrow
25:29 Town Watch
26:19 Loom
29:08 Imperial Age
27:29 Heavy Plow
27:53 Bow Saw
33:11 Imperial Age
32:10 Padded Archer Armor
33:06 Leather Archer Armor
35:23 Chemistry
36:19 Hand Cart
38:08 Chemistry
klostrofobikköstebek
10:13 Feudal Age
14:25 Castle Age
13:06 Double-Bit Axe
13:03 Horse Collar
15:49 Heavy Plow
16:49 Wheelbarrow
21:09 Hand Cart
22:04 Bow Saw
21:44 Loom
27:25 Imperial Age
25:07 Gold Mining
25:07 Stone Mining
25:31 Padded Archer Armor
26:38 Gold Shaft Mining
26:39 Fletching
27:04 Leather Archer Armor
27:51 Stone Shaft Mining
29:09 Chemistry
28:10 Bodkin Arrow
28:17 Shatagni
28:51 Ballistics
29:46 Two-Man Saw
30:15 Ring Archer Armor
29:46 Bracer
30:42 Scale Barding Armor
30:48 Forging
31:36 Husbandry
31:48 Bloodlines
34:03 Chain Barding Armor
34:18 Iron Casting
33:05 Heavy Camel Rider
35:35 Plate Barding Armor
35:41 Conscription
37:01 Blast Furnace
35:22 Imperial Camel Rider
41:07 Siege Engineers
Tameryig1t
10:38 Feudal Age
15:26 Castle Age
14:48 Forging
14:38 Scale Mail Armor
14:51 Forging
15:01 Loom
16:41 Double-Bit Axe
16:43 Horse Collar
17:48 Wheelbarrow
28:15 Bow Saw
33:06 Gold Mining
33:06 Stone Mining
36:41 Imperial Age
34:54 Chain Mail Armor
35:14 Iron Casting
35:30 Heavy Plow
36:42 Hand Cart
36:52 Arson
37:08 Squires
36:53 Gambesons
38:27 Chemistry
37:47 Ballistics
38:17 Conscription
39:18 Plate Mail Armor
waLLefps.
11:25 Feudal Age
15:31 Castle Age
13:25 Double-Bit Axe
13:46 Horse Collar
15:51 Scale Mail Armor
16:01 Forging
16:35 Bow Saw
16:27 Heavy Plow
16:24 Champi Runner
17:04 Squires
18:23 Chain Mail Armor
19:40 Iron Casting
19:44 Gold Mining
20:10 Champi Warrior
28:13 Wheelbarrow
27:33 Arson
31:59 Hand Cart
33:36 Loom
36:52 Imperial Age
34:34 Pikeman
36:55 Elite Champi Warrior
38:50 Town Watch
39:38 Fabric Shields
40:04 Conscription
40:33 Plate Mail Armor
41:27 Blast Furnace
[ESTG] TheDementor
5:40 Loom
6:22 Loom
8:41 Feudal Age
9:41 Double-Bit Axe
9:51 Horse Collar
16:32 Wheelbarrow
20:36 Castle Age
19:23 Scale Barding Armor
20:21 Bloodlines
21:56 Chain Barding Armor
22:31 Bow Saw
24:38 Forging
25:37 Heavy Plow
31:07 Imperial Age
29:21 Gold Mining
29:26 Stone Mining
29:26 Town Watch
30:16 Caravan
31:19 Hand Cart
31:15 Cavalier
32:32 Plate Barding Armor
32:33 Iron Casting
33:19 Gold Shaft Mining
33:26 Town Patrol
35:29 Blast Furnace
34:11 Light Cavalry
35:57 Crop Rotation
36:31 Two-Man Saw
35:00 Paladin
37:25 Masonry
37:37 Ballistics
38:22 Chemistry
38:38 Conscription
38:41 Steppe Husbandry
38:05 Hussar
39:19 Murder Holes
39:17 Fletching
39:27 Padded Archer Armor
Connection lost

Rejoining the realm…

Still unreachable

The connection could not be restored.

Session expired

The server has moved on; the page needs a fresh start.